 Dungeon Crawl Stone Soup version 0.31-a0-232-gb1c03b2570 (webtiles) character file.

Game seed: 9125003243033970330

99 qw the Shooter (level 4, -1/26 HPs)
             Began as a Gargoyle Hexslinger on July 7, 2023.
             Slain by a river rat (6 damage)
             ... on level 3 of the Dungeon.
             The game lasted 00:00:48 (2036 turns).

qw the Shooter (Gargoyle Hexslinger)                Turns: 2036, Time: 00:00:48

Health: -1/26      AC:  8    Str: 12    XL:     4   Next: 72%
Magic:  5/5        EV: 10    Int: 13    God:
Gold:   188        SH:  0    Dex: 14    Spells: 4/5 levels left

rFire   . . .        Y - +3 sling (flame)
rCold   . . .        (no shield)
rNeg    + . .        h - +0 ring mail
rPois   inf          (no helmet)
rElec   +            (no cloak)
rCorr   .            (no gloves)
SInv    .            (no boots)
Will    .....        c - amulet of faith
Stlth   +            (no ring)
HPRegen 0.24/turn    (no ring)
MPRegen 0.09/turn

%: faith
@: no status effects
A: sickness immunity, AC +3, negative energy resistance 1, electricity
resistance, torment resistance 1, petrification resistance
a: no special abilities


You were on level 3 of the Dungeon.
You visited 1 branch of the dungeon, and saw 3 of its levels.

You collected 188 gold pieces.


Innate Abilities, Weirdness & Mutations

You are immune to sickness and miasma.
Your stone body is resilient. (AC +3)
You are immune to poison.
You resist negative energy. (rN+)
You are resistant to electric shocks. (rElec)
You are resistant to unholy torment.
You are immune to petrification.


   Skills:
 - Level 2.0 Fighting
 + Level 4.2 Ranged Weapons
 - Level 1.2 Armour
 - Level 1.5 Dodging
 - Level 1.0 Spellcasting
 - Level 2.6 Hexes


You had 4 spell levels left.
You knew the following spells:

 Your Spells              Type           Power      Damage    Failure   Level
a - Slow                  Hex            28%        N/A       22%         1

Your spell library contained the following spells:

 Spells                   Type           Power      Damage    Failure   Level
 Inner Flame              Hex/Fire       4%         N/A       73%         3
 Portal Projectile        Hex/Tloc       8%         N/A       73%         3
 Cause Fear               Hex            3%         N/A       91%         4

Inventory:

Hand Weapons
 Y - a +3 sling of flaming (weapon)
Armour
 e - a +4 ring mail
 h - a +0 ring mail (worn)
Jewellery
 c - an amulet of faith (around neck)
 d - a +6 ring of intelligence
 j - an amulet of magic regeneration
Scrolls
 a - 2 scrolls of identify
Potions
 b - a potion of lignification {unknown}
 f - 2 potions of heal wounds
 g - a potion of resistance
 i - a potion of enlightenment

Dungeon Overview and Level Annotations

Branches:
Dungeon (3/15)

Altars:
Dithmenos

Annotations:
D:3 2 transporters, qw's ghost, amateur MiHs


Message History

The ball python bites you but does no damage.
The ball python constricts you. The river rat bites you.
You shoot a sling bullet. The sling bullet hits the ball python!
The sling bullet burns the ball python.
You kill the ball python!
The river rat closely misses you. x2
You shoot a sling bullet.
The sling bullet hits the river rat but does no damage.
The river rat is heavily wounded.
You hear the rusting of a drain very nearby.
The river rat bites you. x2
You shoot a sling bullet.
The sling bullet hits the river rat but does no damage.
The river rat is heavily wounded.
The river rat bites you. The river rat closely misses you. x2
The river rat barely misses you.
You shoot a sling bullet.
The sling bullet hits the river rat but does no damage.
The river rat is heavily wounded.
The river rat bites you but does no damage.
The river rat bites you.
You shoot a sling bullet. The sling bullet hits the river rat.
The sling bullet burns the river rat.
The river rat is severely wounded.
The river rat barely misses you. x2
You shoot a sling bullet. The sling bullet hits the river rat!
The sling bullet burns the river rat.
You kill the river rat!
The river rat closely misses you. x2
You shoot a sling bullet.
The sling bullet barely misses the river rat.
The river rat barely misses you.
You shoot a sling bullet. The sling bullet hits the river rat.
The sling bullet burns the river rat.
The river rat is heavily wounded.
The river rat bites you!
You shoot a sling bullet.
The sling bullet barely misses the river rat.
The river rat bites you. x2
You die...

######.#
#......# ##
####.###### .#
.....# .#
################
.#
...............#
.#
##############.#
.###### #
#.##r...... #
#..@....... #
####%.....~ #
...~~.~ ..~~~~~
..~~##+ .~~~+
...~# .~~~#


You could see a river rat.

Vanquished Creatures
  4 adders
  A river rat (D:3)
  A worm (D:2)
  A dart slug (D:3)
  7 ball pythons
  6 endoplasms
  2 giant cockroaches
  3 hobgoblins
  A quokka (D:3)
  7 bats
  A frilled lizard (D:1)
  7 goblins
  3 kobolds
  5 rats
49 creatures vanquished.

Notes
Turn   | Place    | Note
-------+----------+-------------------------------------------
     0 | D:1      | qw the Gargoyle Hexslinger began the quest for the Orb.
     0 | D:1      | Reached XP level 1. HP: 12/12 MP: 2/2
     0 | D:1      | 0 ||| qw: Version: 0.3-a-46-gb1f654a
     0 | D:1      | 0 ||| qw: Game counter: 2210
     0 | D:1      | 0 ||| qw: Melee chars always use a shield: true
     0 | D:1      | 0 ||| qw: God list: Okawaru
     0 | D:1      | 0 ||| qw: Allow faded altars: false
     0 | D:1      | 0 ||| qw: Do Orc after clearing Dungeon:15 true
     0 | D:1      | 0 ||| qw: Do second Lair branch before Depths: true
     0 | D:1      | 0 ||| qw: Lair rune preference: random
     0 | D:1      | 0 ||| qw: Goals: Normal
     0 | D:1      | 0 ||| PLANNING D:1-11
   156 | D:1      | Reached XP level 2. HP: 16/16 MP: 3/3
   259 | D:1      | Reached skill level 3 in Ranged Weapons
   372 | D:1      | 372 ||| UPGRADING to +0 ring mail.
   379 | D:1      | 379 ||| UPGRADING to +0 ring mail.
   389 | D:1      | 389 ||| DROPPING +0 robe.
   700 | D:1      | Reached XP level 3. HP: 21/21 MP: 4/4
   826 | D:1      | 826 ||| UPGRADING to amulet of faith.
   831 | D:1      | 831 ||| READING 2 scrolls labelled RAMASI GICI.
   832 | D:1      | 832 ||| READING scroll labelled RUTWO MEOKHLOZU.
   833 | D:1      | 833 ||| READING scroll labelled WOXEASOZOFF.
   834 | D:1      | 834 ||| READING scroll labelled EREMEC PIRYMN.
   837 | D:1      | 837 ||| READING scroll labelled ETSYNK MATONT.
   838 | D:1      | 838 ||| READING scroll labelled SITATO CODELILORPH.
   839 | D:1      | 839 ||| READING 3 scrolls labelled HAROEM YSTUISK.
   840 | D:1      | 840 ||| DRINKING 2 glowing pink potions.
   841 | D:1      | 841 ||| DROPPING scroll of poison.
   842 | D:1      | 842 ||| DROPPING potion of invisibility.
   843 | D:1      | 843 ||| DROPPING 2 scrolls of revelation.
   887 | D:2      | 887 ||| READING scroll of enchant weapon.
   887 | D:2      | 887 ||| ENCHANTING +2 sling.
  1405 | D:2      | Reached XP level 4. HP: 25/26 MP: 5/5
  1640 | D:2      | 1640 ||| READING 2 scrolls labelled QAIGHE GAKKUNG.
  1641 | D:2      | 1641 ||| READING scroll of brand weapon.
  1641 | D:2      | 1641 ||| BRANDING +3 sling of draining.
  1642 | D:2      | 1642 ||| READING scroll labelled BUIJONIEGA.
  1643 | D:2      | 1643 ||| READING scroll labelled XAOMOXZACKE.
  1644 | D:2      | 1644 ||| DRINKING 2 ruby potions.
  1645 | D:2      | 1645 ||| DRINKING 2 purple potions.
  1646 | D:2      | 1646 ||| READING 2 scrolls of identify.
  1646 | D:2      | 1646 ||| IDENTIFYING fuming orange potion
  1686 | D:3      | 1686 ||| PLANNING SEWER
  1716 | D:3      | Found a transporter.
  1725 | D:3      | Noticed qw's ghost (amateur MiHs)
  1732 | D:3      | Found a transporter.
  1810 | D:3      | Reached skill level 4 in Ranged Weapons
  1821 | D:3      | Found a shadowy altar of Dithmenos.
  1875 | D:3      | Reached skill level 1 in Armour
  2036 | D:3      | HP: 5/26 [river rat (4)]
  2036 | D:3      | Slain by a river rat

Levels and vault maps discovered:
D:1:      dpeg_arrival_another_circle, layout_basic, serial_bayou,
          serial_bayou_crossing, serial_bayou_pond_e, serial_bayou_pond_d,
          serial_bayou_lagoon_a, minmay_hedge_maze
D:2:      layout_loops_ring, serial_forest, infiniplex_forest_straight_2,
          infiniplex_forest_clump_diagonal, infiniplex_forest_zigzag_1,
          infiniplex_forest_clump_diagonal, infiniplex_forest_clump_medium,
          infiniplex_forest_clump_diagonal, infiniplex_forest_pool,
          infiniplex_forest_split, infiniplex_forest_zigzag_1,
          minmay_indecisive_spiral
D:3:      layout_basic, grunt_dithmenos_smoke, gammafunk_ghost_mausoleum,
          portal_sewer_entry_e

Skill      XL: |  1  2  3  4 |
---------------+-------------+-----
Ranged Weapons | 3 4 |  4.2
Fighting       | 2 |  2.0
Armour         | 1 |  1.2
Dodging        | |  1.5
Spellcasting   | |  1.0
Hexes          | |  2.6

Action                     |  1- 3 |  4- 6 || total
---------------------------+-------+-------++-------
   Fire: Sling             |   107 |    39 ||   146
    Use: Scroll            |     8 |     5 ||    13
         Potion            |     1 |     2 ||     3
 Armour: Robe              |    10 |       ||    10
         Ring mail         |    14 |    10 ||    24
  Dodge: Dodged            |    32 |    23 ||    55

Table legend:
 A = Non-vault XP
 B = Vault XP
 C = Vault XP percentage of total XP
 D = Non-vault monster count
 E = Vault monster count
 F = Vault count percentage of total count
                 A         B        C        D         E       F
            +---------+---------+-------+---------+---------+-------
      Total |     116 |      26 |  18.3 |      41 |       8 |  16.3
            +---------+---------+-------+---------+---------+-------
        D:1 |      34 |       0 |   0.0 |      21 |       0 |   0.0
        D:2 |      40 |       9 |  18.4 |      10 |       4 |  28.6
        D:3 |      42 |      17 |  28.8 |      10 |       4 |  28.6
            +---------+---------+-------+---------+---------+-------
